 Dungeon Crawl Stone Soup version 0.21.1-1-g345015fe64 (webtiles) character file.

1467 Revguard the Chopper (level 8, -2/64 HPs)
             Began as a Demonspawn Wanderer on June 26, 2018.
             Killed from afar by an electric eel (9 damage)
             ... with a bolt of electricity
             ... on level 6 of the Dungeon.
             The game lasted 00:27:54 (6098 turns).

Revguard the Chopper (Demonspawn Wanderer)          Turns: 6098, Time: 00:27:54

Health: -2/64      AC:  6    Str: 18    XL:     8   Next: 48%
Magic:  12/12      EV: 15    Int: 16    God:
Gold:   279        SH:  0    Dex: 12    Spells: 9/12 levels left

rFire    . . .     SeeInvis .   a - +3 hand axe
rCold    . . .     Gourm    .   (no shield)
rNeg     . . .     Faith    .   s - +0 leather armour
rPois    .         Spirit   .   (no helmet)
rElec    .         Reflect  .   j - +0 cloak
rCorr    .         Harm     .   (no gloves)
MR       .....                  (no boots)
Stlth    +.........             (no amulet)
HPRegen  0.20/turn              i - +2 ring of evasion
MPRegen  0.13/turn              q - ring of wizardry

@: mighty
A: claws 2, icy blue scales 1, demonic guardian 1, powered by pain 1
a: no special abilities


You were on level 6 of the Dungeon.
You were very hungry.

You visited 1 branch of the dungeon, and saw 6 of its levels.
You also visited: Sewer.

You collected 279 gold pieces.

Inventory:

Hand Weapons
 a - a +3 hand axe (weapon)
Armour
 j - a +0 cloak (worn)
 s - a +0 leather armour (worn)
Jewellery
 i - a +2 ring of evasion (left claw)
 q - a ring of wizardry (right claw)
Wands
 B - a wand of polymorph (8)
Scrolls
 e - a scroll of identify
 g - a scroll of fear
 k - 4 scrolls of enchant weapon
 m - 7 scrolls of teleportation
 n - a scroll of torment {unknown}
 o - 2 scrolls of magic mapping
 u - 4 scrolls of remove curse
 w - a scroll of amnesia {unknown}
 y - 3 scrolls of enchant armour
Potions
 b - 2 potions of lignification
 c - a potion of curing
 d - a potion of berserk rage {unknown}
 l - a potion of ambrosia {unknown}
 p - a potion of resistance {unknown}
 t - 2 potions of agility
 v - 2 potions of invisibility {unknown}
 x - a potion of mutation {unknown}
 z - 2 potions of degeneration {unknown}
Books
 r - a book of Maledictions

   Spells                             Type                      Level
   a - Corona                         Hexes                        1
   b - Ensorcelled Hibernation        Hexes/Ice                    2
   c - Confuse                        Hexes                        3
   d - Tukima's Dance                 Hexes                        3
   e - Dazzling Spray                 Conjuration/Hexes            3
Comestibles
 f - 11 rations


   Skills:
 + Level 5.7 Fighting
 + Level 6.2 Axes
 - Level 1.7 Throwing
 * Level 3.7 Armour
 * Level 3.9 Dodging
 * Level 2.9 Spellcasting
 * Level 2.0 Hexes


You had 9 spell levels left.
You knew the following spells:

 Your Spells              Type           Power        Failure   Level  Hunger
a - Confuse               Hex            #.......     12%         3    ###....


Dungeon Overview and Level Annotations

Branches:
Dungeon (6/15)
 Temple: D:4-7

Altars:
Dithmenos
Fedhas
Uskayaw


Innate Abilities, Weirdness & Mutations

You have very sharp fingernails.
You are partially covered in icy blue scales. (AC +2)
A weak demonic guardian rushes to your aid.
You sometimes gain a little power by taking damage.


Message History

The electric eel is severely wounded.
An orc comes into view. It is wielding a dagger.
You closely miss the electric eel.
The electric eel is severely wounded.
The orc shouts!
The electric eel shoots out a bolt of lightning at you!
The bolt of electricity hits you!
* * * LOW HITPOINT WARNING * * *
You focus on the pain.
You feel very mighty all of a sudden. The bolt of electricity hits you!
* * * LOW HITPOINT WARNING * * *
The bolt of electricity hits the electric eel.
The electric eel completely resists.
You feel better.
The electric eel shoots out a bolt of lightning at you!
The bolt of electricity hits you!
* * * LOW HITPOINT WARNING * * *
The bolt of electricity hits you!
You die...

o...≈≈ ....≈≈
≈..≈PP♣
♣♣P≈≈≈♣...≈≈≈
P≈≈≈P≈;...P≈
P≈≈≈≈P....≈≈ ##
≈;≈≈≈...≈≈≈♣.#
#####;≈≈≈≈...≈≈;@.#
#....♣≈≈≈≈≈...♣#.5#
#.###♣≈≈≈≈P... #..#
#.###♣≈P≈≈♣...##..#
......≈≈PP♣.......#
..####♣≈≈P≈#####..#
.......≈≈♣## #.>#
#÷####.<♣#######..#
..# #............##


You could see 2 electric eels, an orc and a friendly quasit.

Vanquished Creatures
  An ice beast (D:6)
  2 phantoms (D:5)
  An ogre (D:4)
  A bullfrog (D:6)
  A water moccasin skeleton (D:4)
  A scorpion (D:4)
  A crimson imp (D:6)
  2 bullfrog skeletons
  2 orc priests
  2 hounds
  A jelly (D:5)
  A centaur skeleton (D:5)
  3 orc wizards
  A worker ant (D:6)
  7 gnolls
  10 adders
  An ooze (D:3)
  An adder zombie (D:5)
  2 worms
  4 dart slugs
  A leopard gecko (D:3)
  22 orcs
  3 giant cockroaches
  8 goblins
  8 hobgoblins
  10 jackals
  3 quokkas
  6 ball pythons
  4 bats
  4 frilled lizards
  A jackal skeleton (D:4)
  10 kobolds
  A leopard gecko skeleton (D:5)
  6 rats
132 creatures vanquished.

Vanquished Creatures (collateral kills)
  The ghost of Evaline the Shooter, an amateur CeHu (D:4)
  A phantom (D:4)
  An ogre (D:5)
  A crocodile (Sewer)
  A crimson imp (D:6)
  An orc priest (D:4)
  A hound (D:5)
  4 gnolls
  An adder (D:3)
  3 orcs
  A jackal (D:3)
  A frilled lizard (D:2)
  A goblin (D:2)
18 creatures vanquished.

Vanquished Creatures (others)
  An ogre (D:2)
  A plant (D:4)
2 creatures vanquished.

Grand Total: 152 creatures vanquished

Notes
Turn   | Place    | Note
-------+----------+-------------------------------------------
     0 | D:1      | Revguard the Demonspawn Wanderer began the quest for the Orb.
     0 | D:1      | Revguard set off with: a +2 hand axe, a potion of lignification, a potion of curing, a +0 robe, a ration
     0 | D:1      | Reached XP level 1. HP: 19/19 MP: 1/1
   176 | D:1      | Gained mutation: You sometimes gain a little power by taking damage. [demonic ancestry]
   176 | D:1      | Reached XP level 2. HP: 20/25 MP: 2/2
   360 | D:1      | Reached skill level 3 in Axes
  1035 | D:2      | Gained mutation: A weak demonic guardian rushes to your aid. [demonic ancestry]
  1035 | D:2      | Reached XP level 3. HP: 31/31 MP: 3/3
  1139 | D:2      | Noticed an ogre
  1157 | D:2      | Killed an ogre
  1157 | D:2      | Reached skill level 1 in Dodging
  1157 | D:2      | Gained mutation: You have sharp fingernails. [demonic ancestry]
  1157 | D:2      | Reached XP level 4. HP: 34/38 MP: 4/4
  1666 | D:3      | Gained mutation: You have very sharp fingernails. [demonic ancestry]
  1666 | D:3      | Reached XP level 5. HP: 40/43 MP: 5/5
  1681 | D:3      | Reached skill level 4 in Axes
  1801 | D:3      | Found a shadowy altar of Dithmenos.
  1967 | D:3      | Found a blossoming altar of Fedhas.
  2090 | D:3      | Found a glowing drain.
  2099 | Sewer    | Entered a sewer
  2377 | Sewer    | Noticed a crocodile
  2394 | Sewer    | Killed a crocodile
  2394 | Sewer    | Reached skill level 5 in Fighting
  2886 | D:4      | Gained mutation: You are partially covered in icy blue scales. (AC +2) [demonic ancestry]
  2886 | D:4      | Reached XP level 6. HP: 47/51 MP: 7/7
  2972 | D:4      | Reached skill level 1 in Spellcasting
  3619 | D:4      | Reached XP level 7. HP: 56/56 MP: 9/9
  3717 | D:4      | Noticed Evaline's ghost (amateur CeHu)
  3735 | D:4      | Reached skill level 5 in Axes
  3751 | D:4      | Killed Evaline's ghost
  4395 | D:4      | Learned a level 3 spell: Confuse
  4414 | D:5      | Entered Level 5 of the Dungeon
  4892 | D:5      | Reached skill level 1 in Hexes
  4892 | D:5      | Reached XP level 8. HP: 38/63 MP: 11/11
  5006 | D:5      | Found a hide-covered altar of Uskayaw.
  5438 | D:6      | Reached skill level 6 in Axes
  6098 | D:6      | Killed from afar by an electric eel

Skill      XL: |  1  2  3  4  5  6  7  8 |
---------------+-------------------------+-----
Axes           | 3 4 5 6 |  6.2
Dodging        | 1 2 3 |  3.9
Fighting       | 5 |  5.7
Armour         | 2 3 |  3.7
Spellcasting   | 1 2 |  2.9
Hexes          | 1 2 |  2.0
Throwing       | |  1.7

Action                   |  1- 3 |  4- 6 |  7- 9 || total
-------------------------+-------+-------+-------++-------
Melee: Hand axe          |    63 |   203 |   254 ||   520
 Cast: Confuse           |       |       |     5 ||     5
  Use: Scroll            |       |       |    10 ||    10
       Potion            |       |       |     7 ||     7
 Stab: Sleeping          |       |     1 |       ||     1
       Distracted        |       |       |     1 ||     1
  Eat: Ration            |       |     2 |     1 ||     3
       Chunk             |       |     2 |     4 ||     6
Armor: Robe              |    15 |    20 |       ||    35
       Leather armour    |       |    37 |    51 ||    88
Dodge: Dodged            |    42 |   182 |   154 ||   378
